Cogmind - Beta 9.1 @@@ ROGUE MODE // 2019.11.04 @ 21:37:34 Player: MrPainting Result: Self-destructed Performance ------------- Evolutions (2) 1000 Regions Visited (3) 600 Robots Destroyed (23) 115 Value Destroyed (464) 464 Prototype IDs (0) 0 Alien Tech Used (0) 0 Bonus (0) 0 TOTAL SCORE: 2179 Bonus ------- None Cogmind --------- Core Integrity 550/550 Matter 4/300 Energy 250/250 System Corruption 0% Temperature Cool (0) Location -8/Materials Parts ------- Power (1) Ion Engine Propulsion (4) Aluminum Leg Aluminum Leg Aluminum Leg Utility (4) Visual Processing Unit Hardened Light Armor Plating Weapon (2) Autogun Autogun Inventory (4) Hover Unit Improved Hover Unit Sensor Array Grenade Launcher Peak State ------------ Power Ion Engine Propulsion Aluminum Leg Aluminum Leg Aluminum Leg Utility Visual Processing Unit Hardened Light Armor Plating Weapon Autogun Autogun Inventory Hover Unit Improved Hover Unit Sensor Array Grenade Launcher [Rating: 12] Favorites ----------- Power Ion Engine Engine Ion Engine Propulsion Aluminum Leg Leg Aluminum Leg Utility Visual Processing Unit Processor Visual Processing Unit Protection Hardened Light Armor Plating Weapon Assault Rifle Ballistic Gun Assault Rifle Launcher Grenade Launcher Build | -11 -10 -9 -8 ------- Run | Scr Mat Mat Mat Slots Evolved 4 | . . 2 2 Power . | . . . . Propulsion 2 | . . 1 1 Utility 2 | . . 1 1 Weapon . | . . . . Parts Attached 15 | 3 4 8 . Power 2 | . 1 1 . Engine 2 | . 1 1 . Core . | . . . . Reactor . | . . . . Propulsion 5 | 2 1 2 . Treads . | . . . . Leg 5 | 2 1 2 . Wheel . | . . . . Hover . | . . . . Flight . | . . . . Utility 2 | . 1 1 . Device . | . . . . Storage . | . . . . Processor 1 | . 1 . . Hackware . | . . . . Protection 1 | . . 1 . Artifact . | . . . . Weapon 6 | 1 1 4 . Energy Gun . | . . . . Energy Cannon . | . . . . Ballistic Gun 4 | 1 . 3 . Ballistic Cannon . | . . . . Launcher 2 | . 1 1 . Special Weapon . | . . . . Impact Weapon . | . . . . Slashing Weapon . | . . . . Piercing Weapon . | . . . . Special Melee Weapon . | . . . . Unidentified Prototypes . | . . . . Parts Lost . | . . . . Power . | . . . . Propulsion . | . . . . Utility . | . . . . Weapon . | . . . . Highest Loss Streak . | . . . . Average Slot Usage (%) 81 | . 80 81 72 Engine 11 | . 12 11 9 Leg 30 | . 28 33 27 Processor 11 | . 12 11 9 Protection 2 | . . 4 9 Ballistic Gun 16 | . 14 18 18 Launcher 7 | . 13 3 . Naked Turns . | . . . . Heaviest Build 16 | 2 10 16 16 Greatest Support 30 | 20 20 30 30 Greatest Overweight (x) 1 | . 1 . . Average Overweight (x) . | . . . . Largest Inventory Capacity 4 | 4 4 4 4 Average Capacity 4 | 4 4 4 4 Most Carried 4 | 1 4 4 4 Average Carried 3 | . 3 3 4 Final Capacity 4 | 4 4 4 4 Final Carried 4 | 1 4 4 4 Class Distribution -------------------- 100% | Mutant Dominant Class ---------------- Mutant | -10/Materials Mutant | -9/Materials Mutant | -8/Materials Resources | -11 -10 -9 -8 ----------- Run | Scr Mat Mat Mat Matter Collected 440 | 215 54 171 . Remotely . | . . . . Salvage Created 512 | . 184 328 . Parts 30 | . 16 14 . Haulers Intercepted 1 | . 1 . . Recyclers Shooed 1 | . 1 . . Parts Field Recycled . | . . . . Retrieved Matter . | . . . . Parts Self-Destructed . | . . . . Prevented . | . . . . Kills | -11 -10 -9 -8 ------- Run | Scr Mat Mat Mat Combat Hostiles Destroyed 13 | . 4 9 . Guns 6 | . 1 5 . AOE 7 | . 3 4 . Classes Destroyed 7 | . 4 3 . Worker 2 | . . 2 . Builder 4 | . 4 . . Hauler 1 | . 1 . . Recycler 1 | . . 1 . Watcher 2 | . 1 1 . Swarmer 4 | . . 4 . Grunt 9 | . 4 5 . Best Kill Streak 8 | . 8 8 . Combat Bots Only 4 | . 3 4 . Max Kills in Single Turn 4 | . 4 3 . Gunslinging . | . . . . Exploded 2 | . 2 2 . Melee . | . . . . Uniques/NPCs Destroyed . | . . . . Combat | -11 -10 -9 -8 -------- Run | Scr Mat Mat Mat Damage Taken 588 | . 144 444 . Core 44 | . 13 31 . Absorbed by Shields . | . . . . Core Remaining (%) 95 | 100 94 92 . Volleys Fired 60 | . 18 42 . Largest 2 | . 2 2 . Hottest 50 | . 50 50 . Shots Fired 109 | . 29 80 . Gun 92 | . 18 74 . Cannon . | . . . . Launcher 17 | . 11 6 . Special . | . . . . Kinetic 92 | . 18 74 . Thermal . | . . . . Explosive 17 | . 11 6 . Electromagnetic . | . . . . Robot Hit Streak 13 | . 13 6 . Robot Miss Streak 9 | . 2 9 . Penetration Max . | . . . . Secondary Targets 1 | . . 1 . Max Gunslinging Chain 1 | . . 1 . Shots Hit Robots 55 | . 20 35 . Core Hits 41 | . 21 20 . Critical Hits . | . . . . Critical Kills . | . . . . Critical Parts Destroyed . | . . . . Melee Attacks . | . . . . Impact . | . . . . Slashing . | . . . . Piercing . | . . . . Sneak Attacks . | . . . . Combat Hostiles . | . . . . Follow-up Attacks . | . . . . Damage Inflicted 1833 | . 895 938 . Guns 577 | . 158 419 . Cannons . | . . . . Explosions 1256 | . 737 519 . Melee . | . . . . Ramming . | . . . . Kinetic 577 | . 158 419 . Thermal . | . . . . Explosive 1256 | . 737 519 . Electromagnetic . | . . . . Impact . | . . . . Slashing . | . . . . Piercing . | . . . . Highest Corruption . | . . . . Average Corruption . | . . . . Corruption Purged . | . . . . Overload Shots . | . . . . Overflow Damage 48 | . 27 21 . Projectiles . | . . . . Explosions 48 | . 27 21 . Melee . | . . . . Knockbacks . | . . . . Impact . | . . . . Kinetic . | . . . . Secondary . | . . . . Self-Inflicted Damage 39 | . 39 . . Shots 1 | . 1 . . Rammed . | . . . . Targets Rammed . | . . . . Kicked . | . . . . Crushed . | . . . . Highest Temperature 26 | . 12 26 . Average Temperature 8 | . 6 9 . Received Heat Transfer 255 | . 60 195 . Siege Activations . | . . . . Robots Corrupted . | . . . . Combat Hostiles . | . . . . Parts Fried . | . . . . Impact Corruptions . | . . . . Robots Melted . | . . . . Combat Hostiles . | . . . . Parts Melted . | . . . . Heat Transferred . | . . . . Parts Sabotaged . | . . . . Parts Stolen . | . . . . Parts Stripped . | . . . . Power Chain Reactions . | . . . . Missiles Intercepted . | . . . . Alert | -11 -10 -9 -8 ------- Run | Scr Mat Mat Mat Peak Influence 394 | . 209 394 81 Average Influence 141 | . 129 166 81 Maximum Alert Level 1 | . 1 1 . Low Security (%) 86 | . . . . Level 1 13 | . . . . Level 2 . | . . . . Level 3 . | . . . . Level 4 . | . . . . Level 5 . | . . . . High Security . | . . . . Max Security . | . . . . Squads Dispatched 3 | . 1 1 1 Investigation . | . . . . Extermination . | . . . . Reinforcement 3 | . 1 1 1 Assault . | . . . . Garrison . | . . . . Intercept . | . . . . Construction Impeded . | . . . . Haulers Reinforced . | . . . . Stealth | -11 -10 -9 -8 --------- Run | Scr Mat Mat Mat Distress Signals 2 | . . 2 . Communications Jammed . | . . . . Distress Signals . | . . . . Times Spotted 27 | . 9 17 1 Peak Tracking Total 5 | . 4 5 . Tactical Retreats 2 | . 1 1 . Traps | -11 -10 -9 -8 ------- Run | Scr Mat Mat Mat Traps Triggered . | . . . . Indirectly . | . . . . Trap Hack Attempts . | . . . . Triggered . | . . . . Disarmed . | . . . . Reprogrammed . | . . . . Reused . | . . . . Traps Extracted . | . . . . Installed . | . . . . Triggered . | . . . . Machines | -11 -10 -9 -8 ---------- Run | Scr Mat Mat Mat Machines Disabled 3 | . 2 1 . Max in Single Turn 1 | . 1 1 . Machines Sabotaged . | . . . . Garrisons Compromised . | . . . . Overloaded Fab Kills . | . . . . Fab Network Shutdowns . | . . . . Hacking | -11 -10 -9 -8 --------- Run | Scr Mat Mat Mat Machines Accessed . | . . . . Terminals . | . . . . Fabricators . | . . . . Repair Stations . | . . . . Recycling Units . | . . . . Scanalyzers . | . . . . Garrison Access . | . . . . Total Hacks . | . . . . Successful . | . . . . Failed . | . . . . Catastrophic . | . . . . Database Lockouts . | . . . . Manual . | . . . . Terminals . | . . . . Fabricators . | . . . . Repair Stations . | . . . . Recycling Units . | . . . . Scanalyzers . | . . . . Garrison Access . | . . . . Terminal Hacks . | . . . . Fabricator Hacks . | . . . . Repair Station Hacks . | . . . . Recycling Unit Hacks . | . . . . Scanalyzer . | . . . . Garrison Access Hacks . | . . . . Unauthorized Hacks . | . . . . Terminals . | . . . . Fabricators . | . . . . Repair Stations . | . . . . Recycling Units . | . . . . Scanalyzers . | . . . . Garrison Access . | . . . . Data Cores Recovered . | . . . . Used . | . . . . Hacking Detections . | . . . . Full Trace Events . | . . . . Feedback Events . | . . . . Feedback Blocked . | . . . . Robot Schematics Acquired . | . . . . Robots Built . | . . . . Matter . | . . . . Time . | . . . . Total Robot Build Rating . | . . . . Part Schematics Acquired . | . . . . Parts Built . | . . . . Matter . | . . . . Time . | . . . . Total Part Build Rating . | . . . . Parts Repaired . | . . . . Time . | . . . . Parts Recycled . | . . . . Recycled Matter . | . . . . Retrieved Matter . | . . . . Retrieved Components . | . . . . Parts Scanalyzed . | . . . . Part Schematics Acquired . | . . . . Parts Damaged . | . . . . Bothacking | -11 -10 -9 -8 ------------ Run | Scr Mat Mat Mat Used RIF Installer . | . . . . Robots Hacked . | . . . . Non-combat . | . . . . Combat . | . . . . Robot Hacks Applied . | . . . . Relay Couplers Released . | . . . . Robots Rewired . | . . . . Allies Hacked . | . . . . Hacks Repelled . | . . . . Allies | -11 -10 -9 -8 -------- Run | Scr Mat Mat Mat Total Allies . | . . . . Largest Group . | . . . . Highest-Rated Group . | . . . . Highest-Rated Ally . | . . . . Total Orders . | . . . . Ally Attacks . | . . . . Total Damage . | . . . . Kills . | . . . . Allies Corrupted . | . . . . Allies Melted . | . . . . Intel | -11 -10 -9 -8 ------- Run | Scr Mat Mat Mat Robot Analysis Total . | . . . . Derelict Logs Recovered . | . . . . Drone Launches . | . . . . Drone Recoveries . | . . . . Exploration | -11 -10 -9 -8 ------------- Run | Scr Mat Mat Mat Turns Passed 740 | 44 280 413 3 Spaces Moved 477 | 39 200 236 2 Core 54 | 12 42 . . Treads . | . . . . Legs 423 | 27 158 236 2 Wheels . | . . . . Hover . | . . . . Flight . | . . . . Fastest Speed 50 | 50 50 120 120 Average Speed 114 | 98 111 120 120 Slowest Speed 120 | 120 120 120 120 Overloaded Moves . | . . . . Propulsion Burnouts . | . . . . Robots Hopped . | . . . . Cave-ins Triggered . | . . . . Exploration Rate (%) 21 | 3 43 38 2 Regions Visited 3 Branch Regions . Pre-discovered Areas . | . . . . Known Exits Taken . | . . . . Unknown Exits Taken 3 | 1 1 1 . Scrap Searched . | . . . . Spaces Dug . | . . . . Terrain Destroyed 90 | . 63 27 . Melee . | . . . . Projectile . | . . . . AOE 90 | . 63 27 . Actions | -11 -10 -9 -8 --------- Run | Scr Mat Mat Mat Total 564 | 42 227 293 2 Wait . | . . . . Move 474 | 38 199 235 2 Hop . | . . . . Pick Up 9 | 1 6 2 . Fast Attach 5 | 3 . 2 . Attach 4 | . 3 1 . Detach 1 | . . 1 . Swap 6 | . 1 5 . Drop 5 | . . 5 . Fire 60 | . 18 42 . Melee . | . . . . Ram . | . . . . Kick . | . . . . Crush . | . . . . Escape Stasis . | . . . . Rewire . | . . . . Trap . | . . . . Miscellaneous . | . . . . Route ------- -11/Scrapyard -10/Materials -9/Materials (discovered 2 exits: [*Mat x2]) -8/Materials History --------- Turn | Location | Event 6 | -11/Scrapyard | Discovered new exit (range 16) 45 | -11/Scrapyard | Entered Materials 299 | -10/Materials | Discovered new exit (range 4) 308 | -10/Materials | Build established: Mutant 325 | -10/Materials | Entered another Materials area 325 | -9/Materials | Evolved 2 slots: Propulsion x1, Utility x1 491 | -9/Materials | Discovered new exit (range 18) 731 | -9/Materials | Discovered new exit (range 7) 738 | -9/Materials | Entered another Materials area 738 | -8/Materials | Evolved 2 slots: Propulsion x1, Utility x1 741 | -8/Materials | Self-destructed Last Messages --------------- 00685_ K-01 Serf collects debris. 00688_ K-01 Serf cleans the Matter Pump. 00692_ K-01 Serf cleans the Atomic Centrifuge. 00696_ U-05 Engineer lays Concrete. 00696_ K-01 Serf cleans the Atomic Centrifuge. 00697_ U-05 Engineer lays Concrete. 00704_ Dropped Assault Rifle. 00706_ Dropped Lgt. Assault Rifle. 00708_ Acquired Autogun. 00719_ W-16 Scout sends out distress signal. 00731_ EXIT=FOUND PARAMETERS=PROPULSION_1,UTILITY_1 LOCATION=UNKNOWN GOAL=ESCAPE 00739_ T-07 Excavator is excavating. 00741_ O-16 Technician: "IFF HANDSHAKE FAILED. SECURING TERMINAL." 00741_ O-16 Technician uses terminal to summon reinforcements. 00741_ ALERT: Hostiles spotted, dispatching reinforcements to Terminal M008. 00741_ O-16 Technician locks terminal. Map ----- +----------------------------------------------------+ | | | | | | | | | | | | | | | ?????????????????????????????????????????????????? | | ?????????????????????????????????????????????????? | | ?????????????????????????????????????????????????? | | ?????????????????????????????????????????????????? | | ?????????????????????????????????????????????????? | | ?????????????????????????????????????????????????? | | ?????????????????????????????????????????????????? | | ?????????????????????????????????????????????????? | | ?????????????????????????????????????????????????? | | ?????????????????????????????????????????????????? | | ?????????????????????????????????????????????????? | | ?????????????????????????????????????????????????? | | ?????????????????????????????????????????????????? | | ?????????????????????????????????????????????????? | | ?????????????????????#####?######????????????????? | | ?????????????????????# #? #????????????????? | | ?????????????????????# # ""#????????????????? | | ?????????????????????# # oT"#????????????????? | | ?????????????????????+ @ ! ""#????????????????? | | ?????????????????????# # +????????????????? | | ?????????????????????# #! ! #????????????????? | | ?????????????????????# #?######????????????????? | | ?????????????????????# #???????????????????????? | | ?????????????????????# #???????????????????????? | | ?????????????????????# #???????????????????????? | | ?????????????????????+ ???????????????????????? | | ?????????????????????# #???????????????????????? | | ?????????????????????# #???????????????????????? | | ?????????????????????# #???????????????????????? | | ?????????????????????# #???????????????????????? | | ?????????????????????# #???????????????????????? | | ?????????????????????# ????????????????????????? | | ?????????????????????+ ????????????????????????? | | ?????????????????????? ????????????????????????? | | ?????????????????????? ????????????????????????? | | ?????????????????????????????????????????????????? | | ?????????????????????????????????????????????????? | | ?????????????????????????????????????????????????? | | ?????????????????????????????????????????????????? | | ?????????????????????????????????????????????????? | | ?????????????????????????????????????????????????? | | ?????????????????????????????????????????????????? | | ?????????????????????????????????????????????????? | +----------------------------------------------------+ Best States ------------- Heat Dissipation 31 Energy Generation 10 Energy Capacity 250 Matter Stores 288 Matter Capacity 300 Sight Range 18 Terrain Scan Density 10 Armor Coverage 150 Evasion (%) 50 Item Schematics ----------------- None Robot Schematics ------------------ None Fabricated ------------ Nothing Alien Tech Used ----------------- None Achievements -------------- None Challenges ------------ None Game ------ Seed RecoilSiegeRouter Manual? 0 Play Time 00:06:03 Cumulative 106.8 hours Start 2019.11.04 @ 21:31:38 End 2019.11.04 @ 21:37:34 Sessions 1 Manual Loads 0 Difficulty Rogue Special Mode None Game No. 180 Rogue 180 Adventurer 0 Explorer 0 Win Type - Total 0 Types 0/0/0/0/0/0/0 Lore% 33 Gallery% 48 Achievement% 34 Wizard Run 0 Options --------- ASCII 0 Keyboard 0 Movement Mouse Keybinds 0 Fullscreen 1 Font 18/SmallcapsGlow Map View 76x50 Tactical HUD 1 Map Filters NONE Filters NONE Steam 1 RUN: 2b44419a-47c5-474a-ae34-7bf0c46755a4